 Dungeon Crawl Stone Soup version 0.19.1-1-g22dce08 (webtiles) character file.

363 Joat the Skirmisher (level 6, -1/52 HPs)
             Began as a Draconian Transmuter on Jan 14, 2017.
             Was a Follower of Uskayaw.
             Slain by a centaur (7 damage)
             ... on level 5 of the Dungeon on Jan 16, 2017.
             The game lasted 00:26:11 (4632 turns).

Joat the Skirmisher (Draconian Transmuter)          Turns: 4632, Time: 00:26:12

Health: -1/52      AC:  2    Str: 12    XL:     6   Next: 39%
Magic:  5/10       EV: 20    Int: 16    God:    Uskayaw [*.....]
Gold:   276        SH:  0    Dex: 16    Spells: 3 memorised, 3 levels left

rFire  . . .     SeeInvis .       - Unarmed
rCold  . . .     Gourm    .     (armour unavailable)
rNeg   . . .     Faith    .     (shield currently unavailable)
rPois  x         Spirit   .     (helmet currently unavailable)
rElec  .         Reflect  .     (cloak currently unavailable)
rCorr  .         Harm     .     (gloves currently unavailable)
MR     .....                    (boots currently unavailable)
Stlth  +.........               o - amulet of inaccuracy (curse)
                                v - ring of wizardry
                                p - ring of flight

@: spider-form, very slightly contaminated
A: unfitting armour, (cold-blooded), AC +6
a: End Transformation, Stomp, Renounce Religion, Evoke Flight


You were on level 5 of the Dungeon.
You worshipped Uskayaw.
Uskayaw was noncommittal.
You were not hungry.
You were a venomous arachnid creature.
You visited 2 branches of the dungeon, and saw 6 of its levels.

You collected 276 gold pieces.

Inventory:

Missiles
 a - 46 arrows
 j - 3 curare-tipped needles
 m - a throwing net (quivered)
Jewellery
 i - a +3 amulet of reflection
 n - an uncursed amulet of the gourmand
 o - a cursed amulet of inaccuracy (around neck)
 p - a ring of flight (left front leg)
 v - a ring of wizardry (right front leg)
Wands
 q - a wand of slowing (21/48)
 r - a wand of lightning (4/15)
Scrolls
 e - 7 scrolls of identify
 g - 2 scrolls of blinking
Potions
 d - a potion of flight {unknown}
 f - a potion of cure mutation {unknown}
 k - 2 potions of brilliance {unknown}
 l - a potion of curing {unknown}
 s - a potion of heal wounds {unknown}
Books
 b - a book of Changes

   Spells                             Type                      Level
   a - Beastly Appendage              Transmutation                1
   b - Sticks to Snakes               Transmutation                2
   c - Spider Form                    Transmutation/Poison         3
   d - Ice Form                       Ice/Transmutation            4
   e - Blade Hands                    Transmutation                5
Comestibles
 c - 4 bread rations
 h - 2 fruits
 u - a meat ration
 w - 4 chunks of flesh


   Skills:
 + Level 4.0 Fighting
 + Level 2.7 Dodging
 + Level 3.4 Unarmed Combat
 + Level 3.0 Spellcasting
 + Level 3.2 Transmutations
 + Level 0.0 Ice Magic
 - Level 2.5 Poison Magic


You had 3 spell levels left.
You knew the following spells:

 Your Spells              Type           Power        Failure   Level  Hunger
c - Ice Form              Ice/Tmut       #.......     77%         4    #####..
q - Beastly Appendage     Tmut           ##....       9%          1    #......
v - Spider Form           Tmut/Pois      ##........   16%         3    ###....


Dungeon Overview and Level Annotations

Branches:
Dungeon (5/15)             Temple (1/1) D:5

Altars:
Ashenzari
Cheibriados
Dithmenos
Elyvilon
Fedhas
Gozag
Kikubaaqudgha
Makhleb
Nemelex Xobeh
Okawaru
Qazlal
Ru
Uskayaw
Vehumet
Xom
Yredelemnul
Zin
The Shining One


Innate Abilities, Weirdness & Mutations

((Your plain brown scales are hard. (AC +6)))
You cannot fit into any form of body armour.
((You are cold-blooded and may be slowed by cold attacks.))


Message History

The centaur unwields an uncursed shortbow.
The centaur misses you.
You closely miss the centaur. The centaur hits you!
The centaur completely misses you.
You hit the centaur but do no damage. The centaur hits you!
You barely miss the centaur. The centaur closely misses you.
The centaur barely misses you.
You hit the centaur.
The centaur is poisoned.
The centaur is lightly wounded.
The centaur hits you.
You hit the centaur but do no damage.
The centaur looks as sick as possible!
The centaur is lightly wounded.
The centaur hits you.
* * * LOW HITPOINT WARNING * * *
You barely miss the centaur.
The centaur is moderately wounded.
The centaur hits you!
* * * LOW HITPOINT WARNING * * *
The centaur hits you!
You die...

#.##.##.#.# #.##.##)#.#######
# ####.##.#).).......#
#.########..........)#.####.#
#......##...######.....#
#.#.....#.....### #..####
#............># #..#
#.....#.....#(###).###
#.......##<..##.sc......
#.....####...##.###..###
#.............#.# #.....
#####[####....#.# ##.. . #.
##.#.#.# #.#.#.#
####.#.#.#####
##............#
...........###.#


You could see a centaur.

Vanquished Creatures
  A hound (D:4)
  Natasha (thrice) (D:3)
  3 orc wizards
  A worker ant (D:4)
  4 adders
  An ooze (D:5)
  An adder skeleton (D:4)
  3 worms
  2 dart slugs (D:1)
  3 leopard geckos
  8 orcs
  7 ball pythons
  8 bats
  7 giant cockroaches
  7 goblins
  12 hobgoblins
  2 jackals (D:1)
  2 quokkas (D:2)
  7 frilled lizards
  6 kobolds
  3 rats
91 creatures vanquished.

Notes
Turn   | Place    | Note
-------+----------+-------------------------------------------
     0 | D:1      | Joat the Draconian Transmuter began the quest for the Orb.
     0 | D:1      | Reached XP level 1. HP: 16/16 MP: 3/3
   211 | D:1      | You fall through a shaft!
   234 | D:2      | Reached XP level 2. HP: 19/23 MP: 5/5
   354 | D:2      | Reached skill level 2 in Fighting
   642 | D:2      | Reached XP level 3. HP: 12/30 MP: 6/6
   647 | D:2      | Learned a level 3 spell: Spider Form
  1259 | D:1      | Reached skill level 1 in Poison Magic
  1558 | D:1      | Reached skill level 3 in Fighting
  1836 | D:2      | Reached XP level 4. HP: 33/38 MP: 7/7
  2457 | D:3      | Noticed Natasha
  2469 | D:3      | Killed Natasha
  2495 | D:3      | Noticed Natasha
  2509 | D:3      | Killed Natasha
  2509 | D:3      | Reached XP level 5. HP: 3/45 MP: 1/8
  2587 | D:3      | Noticed Natasha
  2597 | D:3      | Killed Natasha
  2891 | D:3      | HP: 2/45 [poisoned by an adder]
  2899 | D:3      | HP: 1/45 [poisoned by an adder]
  3940 | D:4      | Reached XP level 6. HP: 45/52 MP: 0/10
  4122 | D:5      | Entered Level 5 of the Dungeon
  4248 | D:5      | Found a staircase to the Ecumenical Temple.
  4280 | Temple   | Entered the Ecumenical Temple
  4445 | Temple   | Became a worshipper of Uskayaw the Reveler
  4572 | D:5      | Reached * piety under Uskayaw
  4578 | D:5      | Reached skill level 4 in Fighting
  4580 | D:5      | Reached ** piety under Uskayaw
  4609 | D:5      | Learned a level 4 spell: Ice Form
  4632 | D:5      | Slain by a centaur

Skill      XL: |  1  2  3  4  5  6 |
---------------+-------------------+-----
Fighting       | 2 3 4 |  4.0
Poison Magic   | 1 2 |  2.5
Dodging        | 2 |  2.7
Transmutations | 3 |  3.2
Spellcasting   | 3 |  3.0
Unarmed Combat | |  3.4

Action                   |  1- 3 |  4- 6 || total
-------------------------+-------+-------++-------
Melee: Unarmed           |   201 |   280 ||   481
       Tailslap          |    20 |    16 ||    36
       Punch             |     1 |     1 ||     2
       Kick              |       |     1 ||     1
 Cast: Beastly Appendage |     2 |     4 ||     6
       Spider Form       |     1 |     8 ||     9
Evoke: Wand              |       |     1 ||     1
  Use: Scroll            |     4 |     3 ||     7
       Potion            |       |     1 ||     1
 Stab: Sleeping          |     3 |       ||     3
  Eat: Chunk             |     3 |    10 ||    13
       Beef jerky        |       |     1 ||     1
Armor: Skin              |    57 |    49 ||   106
Dodge: Dodged            |   131 |   170 ||   301
Block: Other             |     9 |    11 ||    20
